 Dungeon Crawl Stone Soup version 0.28-a0-1389-gc726bef33b (webtiles) character file.

Game seed: 6821388096734944717

3189 kernelcode the Grappler (level 9, -4/85 HPs)
             Began as a Troll Fighter on Feb 9, 2021.
             Was a Believer of Makhleb.
             Slain by a troll (14 damage)
             ... on level 9 of the Dungeon on Jan 3, 2022.
             The game lasted 00:31:07 (7304 turns).

kernelcode the Grappler (Troll Fighter)             Turns: 7304, Time: 00:31:08

Health: -4/85      AC:  6    Str: 29    XL:     9   Next: 64%
Magic:  8/8        EV:  8    Int:  4    God:    Makhleb [**....]
Gold:   460        SH:  7    Dex:  9    Spells: 8/8 levels left

rFire   + . .      SeeInvis .     - Unarmed
rCold   x . .      Faith    .   b - +0 kite shield
rNeg    . . .      Spirit   .   a - +0 robe
rPois   .          Reflect  .   (helmet restricted)
rElec   .          Harm     .   (no cloak)
rCorr   .          Rampage  .   (gloves unavailable)
Will    .....                   (boots unavailable)
Stlth   +.........              (no amulet)
HPRegen 1.04/turn               z - ring of fire
MPRegen 0.11/turn               o - ring of flight

@: no status effects
A: large, unfitting armour, claws 3, regeneration 1, shaggy fur 1, tough skin 3
a: Renounce Religion, Minor Destruction


You were on level 9 of the Dungeon.
You worshipped Makhleb.
Makhleb was pleased with you.
You visited 1 branch of the dungeon, and saw 9 of its levels.

You collected 479 gold pieces.
You spent 19 gold pieces at shops.

Inventory:

Missiles
 d - 241 stones (quivered)
Armour
 a - a +0 robe (worn)
 b - a +0 kite shield (worn)
 r - a +0 leather armour
Jewellery
 j - a +4 ring of evasion {unknown}
 k - a ring of magical power
 o - a ring of flight (right claw)
 v - a ring of willpower
 z - a ring of fire (left claw)
 G - a ring of protection from cold {unknown}
 I - a ring of fire
Wands
 q - a wand of polymorph (2)
Scrolls
 f - 3 scrolls of amnesia
 g - 3 scrolls of fog
 i - 4 scrolls of identify
 l - 2 scrolls of magic mapping
 m - a scroll of immolation {unknown}
 s - 6 scrolls of teleportation {unknown}
 y - a scroll of enchant armour {unknown}
 A - a scroll of noise {unknown}
 B - 2 scrolls of enchant weapon {unknown}
 F - 2 scrolls of fear {unknown}
Potions
 c - 2 potions of might
 e - 2 potions of mutation
 h - 7 potions of curing
 n - 4 potions of flight
 p - a potion of ambrosia
 t - 2 potions of degeneration
 u - a potion of invisibility
 w - a potion of lignification
 x - a potion of cancellation {unknown}
 C - 2 potions of haste
 D - 2 potions of magic
 E - 2 potions of heal wounds {unknown}
 H - a potion of brilliance {unknown}


   Skills:
 + Level 4.7 Fighting
 - Level 3.3 Dodging
 - Level 0.2 Stealth
 - Level 3.4 Shields
 + Level 12.1 Unarmed Combat


You had 8 spell levels left.
You didn't know any spells.
Your spell library contained the following spells:

 Spells                   Type           Power      Damage    Failure   Level
 Sandblast                Erth           0%         2d4       88%         1
 Passwall                 Tmut/Erth      0%         N/A       96%         2
 Confusing Touch          Hex            0%         N/A       99%         3
 Gell's Gravitas          Tloc           0%         N/A       99%         3
 Stone Arrow              Conj/Erth      0%         3d7       99%         3
 Petrify                  Tmut/Erth      0%         N/A       100%        4
 Lee's Rapid Deconstruct  Erth           0%         3d5*      100%        5
 Metabolic Englaciation   Hex/Ice        0%         N/A       100%        5
 Yara's Violent Unravell  Hex/Tmut       0%         3d3       100%        5


Dungeon Overview and Level Annotations

Branches:
Dungeon (9/15)             Temple (0/1) D:7            Lair (0/6) D:8
    Orc: D:9-12

Altars:
Ashenzari
Dithmenos
Elyvilon
Makhleb
Ru
Sif Muna
Uskayaw
Vehumet
Xom
Zin
The Shining One

Shops:
D:6 [   D:7 (


Innate Abilities, Weirdness & Mutations

You are too large for most types of armour.
You have claws for hands.
Your natural rate of healing is unusually fast.
You are covered in fur. (AC +1)
You have extremely tough skin. (AC +3)


Message History

Items here: ( ))) [.
There is a stone staircase leading up here.
You see here a +0 dagger.
There is a stone staircase leading down here.
You climb downwards.
The troll shouts!
Found a potion of curing and 19 gold pieces.
There is a stone staircase leading up here.
A bullfrog comes into view.
You scratch the troll but do no damage. The troll bites you but does no damage.
The troll claws you but does no damage. The troll claws you.
You claw the troll!
The troll is moderately wounded.
The troll bites you! You block the troll's attack. The troll claws you!
The bullfrog hits you! The troll bites you. The troll barely misses you.
You block the troll's attack.
The bullfrog hits you but does no damage.
You mangle the bullfrog!!
The bullfrog is almost dead.
The troll bites you! The troll claws you but does no damage.
The troll claws you.
The bullfrog hits you but does no damage.
The troll completely misses you. The troll claws you! x2
The bullfrog hits you.
You see here a potion of curing.
You claw the bullfrog!
You kill the bullfrog!
Makhleb accepts your kill.
You feel better.
You block the troll's attack. x2; The troll claws you!
* * * LOW HITPOINT WARNING * * *
The troll bites you!
* * * LOW HITPOINT WARNING * * *
You block the troll's attack. The troll claws you.
* * * LOW HITPOINT WARNING * * *
You see here a bullfrog corpse.
You mangle the troll!!
The troll is almost dead.
A howler monkey zombie comes into view.
The troll bites you!
You die...

..Z ... .. #.
#.######
##......#
##.......##
.###...@.....#
.......T!..$.#
###......<...#
##.........#
#...........#
...#.........#
.###.........#
#.........#
#.........#


You could see a troll and a howler monkey zombie.

Vanquished Creatures
  A komodo dragon (D:8)
  A wyvern (D:8)
  2 basilisks (D:8)
  A swamp drake (D:8)
  A black bear (D:7)
  3 ice beasts
  2 sky beasts
  An orc warrior (D:8)
  A necrophage (D:5)
  2 centaurs
  2 kobold brigands
  A bullfrog (D:9)
  4 wights (D:6)
  3 howler monkeys
  3 hounds
  A gnoll shaman (D:7)
  A centaur skeleton (D:4)
  4 orc priests
  An iguana (D:5)
  6 removed worker ants
  Ijyb (D:3)
  4 orc wizards
  A hound skeleton (D:4)
  Robin (D:3)
  13 gnolls
  13 adders
  A shadow imp (D:7)
  3 white imps
  2 ufetubi
  An endoplasm (D:1)
  An adder zombie (D:7)
  A worm (D:2)
  3 dart slugs
  16 orcs
  4 removed leopard geckos
  5 giant cockroaches
  28 goblins
  15 hobgoblins
  13 jackals
  3 quokkas
  A ball python (D:2)
  9 bats
  3 frilled lizards
  A jackal zombie (D:6)
  23 kobolds
  2 quokka skeletons (D:4)
  A quokka zombie (D:8)
  10 rats
  A removed leopard gecko skeleton (D:4)
221 creatures vanquished.

Notes
Turn   | Place    | Note
-------+----------+-------------------------------------------
     0 | D:1      | kernelcode the Troll Fighter began the quest for the Orb.
     0 | D:1      | Reached XP level 1. HP: 22/22 MP: 0/0
    71 | D:1      | Reached XP level 2. HP: 29/29 MP: 1/1
   220 | D:1      | Reached XP level 3. HP: 36/36 MP: 2/2
   619 | D:2      | Upgraded the game from 0.27-a0-291-gd9602db6ee to
                  | 0.27-a0-320-g81d27af2d4
   629 | D:2      | Found a white marble altar of Elyvilon.
   831 | D:2      | Reached XP level 4. HP: 44/44 MP: 3/3
   916 | D:2      | Found a broken altar of Ashenzari.
  1211 | D:3      | Noticed Ijyb
  1214 | D:3      | Found a radiant altar of Vehumet.
  1251 | D:3      | Reached skill level 3 in Unarmed Combat
  1254 | D:3      | Killed Ijyb
  1305 | D:3      | Reached XP level 5. HP: 28/50 MP: 4/4
  1449 | D:3      | Noticed Robin
  1513 | D:3      | Killed Robin
  1641 | D:3      | Reached skill level 4 in Unarmed Combat
  2334 | D:4      | Reached XP level 6. HP: 59/59 MP: 5/5
  2376 | D:4      | Found a hide-covered altar of Uskayaw.
  2563 | D:4      | Reached skill level 5 in Unarmed Combat
  2754 | D:4      | Found a burning altar of Makhleb.
  3280 | D:4      | Became a worshipper of Makhleb the Destroyer
  3322 | D:5      | Entered Level 5 of the Dungeon
  3359 | D:5      | Reached skill level 6 in Unarmed Combat
  3359 | D:5      | Reached XP level 7. HP: 66/67 MP: 6/6
  3580 | D:5      | Reached skill level 7 in Unarmed Combat
  3882 | D:5      | Reached skill level 8 in Unarmed Combat
  3882 | D:5      | Reached XP level 8. HP: 54/75 MP: 7/7
  4071 | D:5      | You fall into a shaft and drop 2 floors!
  4404 | D:6      | Reached skill level 9 in Unarmed Combat
  4409 | D:6      | Reached * piety under Makhleb
  4799 | D:5      | Found a shimmering blue altar of Sif Muna.
  5122 | D:6      | Found Kedefirgh's Antique Armour Shop.
  5133 | D:6      | Bought a robe for 19 gold pieces
  5154 | D:6      | Found a shimmering altar of Xom.
  5160 | D:6      | Found a sacrificial altar of Ru.
  5165 | D:6      | Found a shadowy altar of Dithmenos.
  5318 | D:6      | Found a glowing golden altar of the Shining One.
  5611 | D:7      | Found Jatupn Gurch's Weapon Emporium.
  5698 | D:7      | Found a white marble altar of Elyvilon.
  5976 | D:7      | Found a staircase to the Ecumenical Temple.
  5989 | D:7      | Reached skill level 10 in Unarmed Combat
  6241 | D:7      | Reached XP level 9. HP: 24/84 MP: 8/8
  6500 | D:8      | Found a glowing silver altar of Zin.
  6686 | D:8      | Reached skill level 11 in Unarmed Combat
  6739 | D:8      | Found a staircase to the Lair.
  6748 | D:8      | Noticed a komodo dragon
  6755 | D:8      | Killed a komodo dragon
  7125 | D:8      | Identified the +9 scimitar "Xaothimi" {vorpal, *Drain MP+9
                  | Str+9 Stlth-}
  7131 | D:8      | Reached ** piety under Makhleb
  7246 | D:8      | Reached skill level 12 in Unarmed Combat
  7246 | D:8      | Upgraded the game from 0.27-a0-320-g81d27af2d4 to
                  | 0.28-a0-1389-gc726bef33b
  7291 | D:9      | Noticed a troll
  7304 | D:9      | Slain by a troll

Illustrated notes

Levels and vault maps discovered:
D:1:      mrwooster_arrival_arrow, layout_basic, minmay_tiny_reverse_x
D:2:      layout_rooms, evilmike_ruin_ashenzari, corexii_leaking_fountain,
          elyvilon_altar_4
D:3:      layout_basic, vehumet_crystals, uniq_ijyb, uniq_robin
D:4:      corexii_shantytown, layout_basic, makhleb_blood_cavern_becter,
          nicolae_overflow_crystal_walls, minmay_checkerbox
D:5:      layout_basic, minmay_fountain_box, led_sif_pool
D:6:      layout_loops_ring, tso_oasis_becter, minmay_overflow_temple_star_quad,
          serial_shops, nicolae_shop_crystal
D:7:      layout_loops_ring, kennysheep_little_box,
          minmay_temple_entry_offerings, serial_shops, shop,
          hangedman_abyss_or_decor_lesser_grid, serial_park_tiny_pond
D:8:      layout_rooms, zin_statuary, erik_lair_dragon, enter_bailey_3
D:9:      layout_rooms, nzn_overflow_gifts_of_might_and_magic,
          lemuel_zombie_altar_yredelemnul

Skill      XL: |  1  2  3  4  5  6  7  8  9 |
---------------+----------------------------+-----
Shields        | 3 |  3.4
Dodging        | 3 |  3.3
Unarmed Combat | 3 4 6 8 10 12 | 12.1
Fighting       | 3 4 |  4.7
Stealth        | |  0.2

Action                   |  1- 3 |  4- 6 |  7- 9 || total
-------------------------+-------+-------+-------++-------
Melee: Unarmed           |   107 |   260 |   255 ||   622
  Use: Scroll            |       |     3 |    11 ||    14
       Potion            |       |       |     1 ||     1
 Stab: Sleeping          |     1 |     2 |       ||     3
       Distracted        |       |       |     1 ||     1
Armor: Robe              |    30 |    91 |    85 ||   206
Dodge: Dodged            |    41 |    81 |    83 ||   205
Block: Kite shield       |    42 |   128 |   127 ||   297

Table legend: (Time is in decaauts)
 A = Elapsed time spent in this place.
 B = Non-inter-level travel time spent in this place.
 C = Inter-level travel time spent in this place.
 D = Time resting spent in this place.
 E = Time spent auto-exploring this place.
 F = Levels seen in this place.
 G = Mean time per level.
                   A        B        C        D        E       F      G
               +--------+--------+--------+--------+--------+-----+--------+
         Total |   7353 |   7061 |    292 |    597 |   4689 |   9 |  817.0 |
       Dungeon |   7353 |   7061 |    292 |    597 |   4689 |   9 |  817.0 |
               +--------+--------+--------+--------+--------+-----+--------+

Top non-repeatable levels by time:
     D:4: 1319 daAuts
     D:5: 1116 daAuts
     D:8: 1045 daAuts
     D:7: 1037 daAuts
     D:3: 905 daAuts
     D:6: 705 daAuts
     D:1: 612 daAuts
     D:2: 599 daAuts
     D:9: 12 daAuts
